 Dungeon Crawl Stone Soup version 0.23-a0-483-g32a748b514 (webtiles) character file.

93 blobbo the Magician (level 4, 0/24 HPs)
             Began as a Deep Elf Wizard on Nov 30, 2018.
             Slain by an orc
             ... wielding a +0 rapier
              (8 damage)
             ... on level 2 of the Dungeon.
             The game lasted 00:13:29 (3654 turns).

blobbo the Magician (Deep Elf Wizard)               Turns: 3654, Time: 00:13:29

Health: 0/24       AC:  4    Str:  5    XL:     4   Next: 37%
Magic:  11/13      EV: 13    Int: 23    God:
Gold:   99         SH:  0    Dex: 13    Spells: 2/13 levels left

rFire    . . .     SeeInvis .   i - +0 whip (curse)
rCold    . . .     Gourm    .   (no shield)
rNeg     . . .     Faith    .   a - +0 robe
rPois    .         Spirit   .   k - +1 helmet
rElec    .         Reflect  .   (no cloak)
rCorr    .         Harm     .   (no gloves)
MR       .....                  (no boots)
Stlth    ++........             (no amulet)
HPRegen  0.08/turn              (no ring)
MPRegen  0.13/turn              (no ring)

@: no status effects
A: no striking features
a: no special abilities


You were on level 2 of the Dungeon.
You were not hungry.

You visited 1 branch of the dungeon, and saw 3 of its levels.

You collected 99 gold pieces.

Inventory:

Hand Weapons
 i - a cursed +0 whip (weapon)
Armour
 a - a +0 robe (worn)
 b - a +0 hat
 k - a +1 helmet (worn)
Jewellery
 j - a cursed amulet of inaccuracy {unknown}
Scrolls
 c - 3 scrolls of blinking
 f - 3 scrolls of fog {unknown}
 g - a scroll of remove curse
 h - 2 scrolls of immolation {unknown}
Comestibles
 d - 2 rations


   Skills:
 + Level 3.6 Dodging
 - Level 2.4 Stealth
 + Level 5.3 Spellcasting
 + Level 2.9 Conjurations
 + Level 1.5 Summonings
 - Level 1.1 Translocations


You had 2 spell levels left.
You knew the following spells:

 Your Spells              Type           Power        Failure   Level  Hunger
a - Magic Dart            Conj           ###.         2%          1    None
b - Blink                 Tloc           N/A          9%          2    None
c - Call Imp              Summ           ##......     8%          2    None
d - Conjure Flame         Conj/Fire      ##......     16%         3    ##.....
e - Mephitic Cloud        Conj/Pois/Air  ##......     19%         3    ##.....

Your spell library contained the following spells:

 Spells                   Type           Power        Failure   Level  Hunger
 Slow                     Hex            #.......     14%         2    None


Dungeon Overview and Level Annotations

Branches:
Dungeon (3/15)

Altars:


Message History

You start resting.
HP restored.
You start resting.
Your magical contamination has completely faded away.
You start resting.
Magic restored.
There is a stone staircase leading down here.
You climb downwards.
The hobgoblin hits you.
The hobgoblin hits you but does no damage.
The orc hits you but does no damage.
There is a stone staircase leading up, spattered with blood here.
The hobgoblin hits you.
You climb upwards.
There is a stone staircase leading down here.
Casting: Magic Dart (safe; 2% risk of failure)
Confirm with . or Enter, or press ? or * to list all spells.
A beastly little devil appears in a puff of frigid air.
The orc hits you with a +0 rapier! The hobgoblin barely misses you.
The orc hits you with a +0 rapier!
You die...

##.######.########
#.................
#..##.###.##...###
#..##.# #.#.....#
#..##.###.##...##
#.........###.##
#..######.# #.#
#5.# #.# #.#
#@o######.###'##
#>........##...##
##g########.....##
#..## ##.......#
##...####.........
#.......'.........
##...####.........
##.## ##.......#
#.# ##.....##


You could see an orc, a hobgoblin and a friendly white imp.

Vanquished Creatures
  Robin (D:3)
  An adder (D:3)
  3 oozes
  2 dart slugs
  A leopard gecko (D:1)
  An orc (D:2)
  A ball python (D:2)
  4 bats (D:1)
  3 giant cockroaches
  5 goblins
  8 hobgoblins
  4 jackals (D:1)
  3 frilled lizards
  5 kobolds (D:1)
  4 rats
46 creatures vanquished.

Vanquished Creatures (collateral kills)
  A worm (D:2)
  3 orcs (D:3)
  3 goblins (D:3)
  A hobgoblin (D:3)
  3 jackals (D:2)
11 creatures vanquished.

Grand Total: 57 creatures vanquished

Notes
Turn   | Place    | Note
-------+----------+-------------------------------------------
     0 | D:1      | blobbo the Deep Elf Wizard began the quest for the Orb.
     0 | D:1      | Reached XP level 1. HP: 10/10 MP: 7/7
     2 | D:1      | Noticed a minotaur
     2 | D:1      | Noticed a human
     4 | D:1      | Noticed a tengu
     6 | D:1      | Noticed a gargoyle
     6 | D:1      | Noticed a naga
     8 | D:1      | Noticed an elf
     8 | D:1      | Noticed a spriggan
    10 | D:1      | Noticed an octopode
    10 | D:1      | Noticed a draconian
    12 | D:1      | Noticed a troll
    12 | D:1      | Noticed a felid
    14 | D:1      | Noticed a centaur
    16 | D:1      | Noticed a vine stalker
    16 | D:1      | Noticed a dwarf
    18 | D:1      | Noticed a halfling
    18 | D:1      | Noticed an ogre
    20 | D:1      | Noticed a demonspawn
    20 | D:1      | Noticed a demigod
    22 | D:1      | Noticed a formicid
    24 | D:1      | Noticed a ghoul
    24 | D:1      | Noticed a vampire
    26 | D:1      | Noticed a merfolk
   424 | D:1      | Reached XP level 2. HP: 15/15 MP: 4/9
   428 | D:1      | Learned a level 2 spell: Blink
   431 | D:1      | Learned a level 2 spell: Call Imp
  1012 | D:1      | Reached XP level 3. HP: 10/19 MP: 1/11
  1098 | D:1      | Reached skill level 5 in Spellcasting
  2065 | D:2      | Learned a level 3 spell: Conjure Flame
  2069 | D:2      | Learned a level 3 spell: Mephitic Cloud
  2961 | D:3      | Noticed Robin
  2967 | D:3      | Reached XP level 4. HP: 22/24 MP: 4/13
  2970 | D:3      | Killed Robin
  3654 | D:2      | Slain by an orc

Vault maps used:
D:1:      kb_arrival_jail
D:2:      first_ration
D:3:      grunt_temple_overflow_open, chequers_ecumenical_altar_simple,
          gammafunk_ghost_smash, uniq_robin

Skill      XL: |  1  2  3 |
---------------+----------+-----
Dodging        | 3 |  3.6
Conjurations   | 2 |  2.9
Spellcasting   | 5 |  5.3
Stealth        | |  2.4
Summonings     | |  1.5
Translocations | |  1.1

Action                   |  1- 3 |  4- 6 || total
-------------------------+-------+-------++-------
Melee: Dagger            |     8 |       ||     8
 Cast: Magic Dart        |   101 |    17 ||   118
       Call Imp          |     7 |     4 ||    11
  Use: Scroll            |     2 |       ||     2
       Potion            |       |     2 ||     2
  Eat: Chunk             |     5 |       ||     5
       Ration            |       |     1 ||     1
Armor: Robe              |     7 |     2 ||     9
Dodge: Dodged            |    29 |    12 ||    41

Table legend:
 A = Non-vault XP
 B = Vault XP
 C = Vault XP percentage of total XP
 D = Non-vault monster count
 E = Vault monster count
 F = Vault count percentage of total count
                 A         B        C        D         E       F
            +---------+---------+-------+---------+---------+-------
      Total |     115 |      19 |  14.2 |      50 |       7 |  12.3
            +---------+---------+-------+---------+---------+-------
        D:1 |      61 |       0 |   0.0 |      30 |       0 |   0.0
        D:2 |      32 |       0 |   0.0 |      14 |       0 |   0.0
        D:3 |      22 |      19 |  46.3 |       6 |       7 |  53.8
            +---------+---------+-------+---------+---------+-------
